[Event "Romania GP Final-KO 2024"]
[Site "Alba Iulia"]
[Date "2024.11.26"]
[Round "1.1"]
[White "Kantor, Gergely"]
[Black "Kozak, Adam"]
[Result "1/2-1/2"]
[ECO "D37"]
[WhiteElo "2554"]
[BlackElo "2591"]
[Annotator "TA"]
[PlyCount "67"]
[EventDate "2024.11.22"]
[EventType "k.o."]
[EventCountry "ROU"]
[SourceTitle "playchess.com"]
[Source "ChessBase"]
[SourceQuality "1"]
[TimeControl "900+5"]

1. d4 Nf6 2. c4 e6 3. Nf3 d5 4. Nc3 Nbd7 5. Bf4 dxc4 6. e3 Nd5 7. Bxc4 Nxf4 8. exf4 Nb6 9. Bb3 g6 10. h4 Bg7 {[%emt 0:00:07] The position is equal.} 11. h5 Bd7 12. Ne5 Bc6 {[%emt 0:02:56] Repels Qf3} 13. Qg4 {[%emt 0:00:32][%cal Oe5f7] Threatens to win with Nxf7!} Qe7 (13... Qxd4 $2 {perishes.} 14. Nxf7 Qd3 (14... Kxf7 15. Qxe6+ Kf8 16. Qf7#) 15. Rh3 $18 (15. Nxh8 $2 Bxc3+ 16. bxc3 Qxc3+ 17. Kf1 Qxa1+ 18. Qd1 Qxh8 $19) (15. Qxe6+ Kf8 $18) (15. Bxe6 $2 Bxc3+ 16. bxc3 Qxc3+ 17. Ke2 Bb5+ 18. Kd1 Qxa1+ $19)) 14. O-O-O O-O-O 15. h6 Bf6 (15... Bxe5 $11 16. fxe5 Kb8) 16. d5 $16 Bxe5 17. fxe5 Bd7 18. d6 cxd6 19. exd6 Qf8 20. a4 {[%emt 0:00:41] Black is weak on the dark squares} ({Better is} 20. Qf4 $16) 20... Kb8 $1 $14 21. Qf4 Bc6 22. a5 Nd7 ({Black should try} 22... Nd5 $1 $11 23. Nxd5 (23. Bxd5 exd5 24. Rh4 Rg8 $15) 23... exd5) 23. f3 $36 {[%emt 0:00:15][%mdl 2048] White has some pressure.} Rg8 (23... g5 $14 24. Qd4 (24. Qxg5 Rg8 $16) 24... Rg8) 24. Qb4 a6 25. Bc2 (25. Ne4 $16) 25... f5 (25... Rc8 $14) 26. Bb3 $1 $18 Qf6 27. Ne2 ({White should play} 27. Kb1 $18) 27... Rc8 $16 28. Kb1 $1 {[%emt 0:00:03] aiming for Rc1.} Rgd8 {[%emt 0:00:03][%cal Od7c5] [#]} 29. Nf4 (29. Nc3 $1 $16) 29... Nf8 (29... Nc5 $1 $11 {keeps the balance.}) 30. Rhe1 {[%emt 0:00:44] White is better.} e5 31. Nd5 {[%emt 0:00:25] White is much more active.} Qxd6 32. Qxd6+ Rxd6 33. Rxe5 Rcd8 {[%emt 0:00:16] [#]} 34. Nc3 {[%emt 0:00:04] Weighted Error Value: White=0.26 (precise) /Black=0.28 (precise) .  Mistake:       	White=5     	Black=5      Inaccurate:     	White=2     	Black=2      OK:         	White=6     	Black=12     Best:        	White=1     	Black=2      Strong:       	White=1     	Black=1} (34. Ka2 $1 $16) 1/2-1/2

[Event "Romania GP Final-KO 2024"]
[Site "Alba Iulia"]
[Date "2024.11.26"]
[Round "1.1"]
[White "Gavrilescu, David"]
[Black "Deac, Bogdan-Daniel"]
[Result "0-1"]
[ECO "C54"]
[WhiteElo "2545"]
[BlackElo "2687"]
[Annotator "ChessBase"]
[PlyCount "130"]
[EventDate "2024.11.22"]
[EventType "k.o."]
[EventCountry "ROU"]
[SourceTitle "playchess.com"]
[Source "ChessBase"]
[SourceQuality "1"]
[TimeControl "900+5"]

1. e4 e5 2. Nf3 Nc6 3. Bc4 Bc5 4. c3 Nf6 5. d3 a6 6. Bg5 h6 7. Bh4 Be7 8. Bg3 d6 9. a4 g6 10. Nbd2 Nh5 11. a5 O-O 12. h3 Bg5 13. Nxg5 hxg5 14. Nf1 Kg7 15. f3 Nxg3 16. Nxg3 Rh8 17. Qd2 Qf6 18. Rg1 Qf4 19. Nf1 Bd7 20. Ne3 Qh4+ 21. Kd1 Qf4 22. Kc2 Be6 23. Qf2 Qf6 24. Nd5 Qd8 25. Rh1 Ne7 26. Ne3 d5 27. exd5 Nxd5 28. Bxd5 Bxd5 29. Rhd1 Be6 30. d4 exd4 31. Rxd4 Qf6 32. Rad1 Qe5 33. Nc4 Qb5 34. b3 Rae8 35. Kb2 Re7 36. Re4 f6 37. Rde1 Rhe8 38. Qe2 Kf7 39. b4 Kg7 40. Nd2 Qd5 41. Nc4 Kf8 42. Rd1 Qb5 43. Nd2 Qa4 44. Ra1 Qd7 45. Rd4 Qc8 46. Re4 Bf5 47. Rxe7 Rxe7 48. Ne4 Bxe4 49. fxe4 Qe6 50. Rf1 Kg7 51. Qf2 Rd7 52. Re1 Qe5 53. Re3 c5 54. Qg3 Qe6 55. Re2 cxb4 56. e5 f5 57. cxb4 Qc4 58. Rc2 Qxb4+ 59. Qb3 Qxa5 60. e6 Qe5+ 61. Ka2 Re7 62. Ka3 Qxe6 63. Qc3+ Qf6 64. Qc5 Qa1+ 65. Kb3 Qe5 0-1

[Event "Romania GP Final-KO 2024"]
[Site "Alba Iulia"]
[Date "2024.11.26"]
[Round "1.1"]
[White "Ghimpu, Samuel-Timotei"]
[Black "Santos Latasa, Jaime"]
[Result "1/2-1/2"]
[ECO "D02"]
[WhiteElo "2473"]
[BlackElo "2630"]
[Annotator "TA"]
[PlyCount "68"]
[EventDate "2024.11.22"]
[EventType "k.o."]
[EventCountry "ROU"]
[SourceTitle "playchess.com"]
[Source "ChessBase"]
[SourceQuality "1"]
[TimeControl "900+5"]

1. d4 d5 2. Nf3 e6 3. Bf4 Bd6 4. Bg3 Nf6 5. e3 O-O 6. Bd3 c5 7. c3 Qc7 8. Ne5 b6 9. Nd2 Ba6 10. Bxa6 Nxa6 11. O-O Nb8 12. Qe2 Nc6 13. Nxc6 {[%emt 0:01:32] [#] Hoping for Bxd6.} Qxc6 14. a4 Bxg3 15. hxg3 a6 16. Rfe1 Rfd8 17. Rec1 Qd6 18. Nf3 a5 19. Qb5 Rac8 20. c4 cxd4 21. exd4 dxc4 22. Rxc4 Rxc4 23. Qxc4 Nd5 24. Rc1 g6 25. Qb5 Ne7 26. g4 h6 27. g3 {[%emt 0:00:08] The position is equal.} Kg7 28. Kg2 g5 29. b3 Qb8 30. Kg1 Rd5 31. Qc4 Ng6 32. Qc7 Qxc7 33. Rxc7 b5 34. Kf1 bxa4 {[%emt 0:00:34] Not much happened in this game.   Weighted Error Value: White=0.06 (flawless) /Black=0.06 (flawless) .  Inaccurate:     	White=2     	Black=1      OK:         	White=9     	Black=6} 1/2-1/2

[Event "Romania GP Final-KO 2024"]
[Site "Alba Iulia"]
[Date "2024.11.26"]
[Round "1.1"]
[White "Nedelcu, Teodor-Cosmin"]
[Black "Nisipeanu, Liviu-Dieter"]
[Result "0-1"]
[ECO "E11"]
[WhiteElo "2320"]
[BlackElo "2596"]
[Annotator "TA"]
[PlyCount "44"]
[EventDate "2024.11.22"]
[EventType "k.o."]
[EventCountry "ROU"]
[SourceTitle "playchess.com"]
[Source "ChessBase"]
[SourceQuality "1"]
[TimeControl "900+5"]

1. d4 Nf6 2. c4 e6 3. Nf3 Bb4+ 4. Bd2 Qe7 5. Qc2 Bxd2+ 6. Nbxd2 d6 7. g3 O-O 8. Bg2 e5 9. e3 {[%emt 0:01:22] The position is equal.} Re8 10. dxe5 dxe5 11. O-O e4 12. Nd4 c5 13. Ne2 Nc6 14. Nc3 Bf5 15. a3 Rad8 {[%emt 0:00:03] Against Nd5} 16. Rad1 Bg6 (16... b6 $15) 17. h3 $11 h6 18. Kh2 Rd6 19. Nb3 Ne5 20. Rxd6 Qxd6 21. Nxe4 $2 {[%emt 0:01:43][%mdl 8192] [#]} (21. Rd1 $15 Qe7 22. Nd2 (22. Bxe4 $2 {perishes.} Nxe4 23. Qe2 Nxc3 $19)) 21... Nxe4 $19 22. Bxe4 Nf3+ {[%emt 0:00:01] Weighted Error Value: White=0.83/Black=0.11 (very precise) .  Loses game:     	White=1     	---        Mistake:       	---       	Black=1      Inaccurate:     	White=5     	Black=2      OK:         	White=4     	Black=5      Best:        	White=1     	Black=1} 0-1

[Event "Romania GP Final-KO 2024"]
[Site "Alba Iulia"]
[Date "2024.11.26"]
[Round "1.1"]
[White "Sachilaru, Alexandru"]
[Black "Secheres, Adrian-Simion"]
[Result "0-1"]
[ECO "C28"]
[WhiteElo "2305"]
[BlackElo "2350"]
[Annotator "RC"]
[PlyCount "84"]
[EventDate "2024.11.22"]
[EventType "k.o."]
[EventCountry "ROU"]
[SourceTitle "playchess.com"]
[Source "ChessBase"]
[SourceQuality "1"]
[TimeControl "900+5"]

1. e4 Nc6 2. Nc3 e5 3. Bc4 Nf6 4. d3 Na5 5. Nge2 c6 6. O-O Bc5 7. a3 Nxc4 8. dxc4 a5 9. Qd3 O-O 10. Be3 Bxe3 11. Qxe3 d6 12. Rad1 Qc7 13. Rd3 Be6 14. b3 a4 15. Qc1 axb3 16. cxb3 Nd7 17. Rg3 f5 18. exf5 Bxf5 19. Rd1 Bg6 20. h4 Nf6 21. b4 Nh5 22. Rg4 Qf7 23. Qe3 Bf5 24. Rg5 h6 25. Rxf5 Qxf5 26. Ne4 Qg4 27. Rxd6 Nf4 28. Nxf4 exf4 29. Qb3 f3 30. c5+ Kh8 31. Ng3 Rae8 32. Rd1 fxg2 33. Kxg2 Rf4 34. Rd2 Ref8 35. Qe3 Qxh4 36. Re2 Qg4 37. Rd2 h5 38. b5 h4 39. bxc6 bxc6 40. Re2 hxg3 41. fxg3 Rf3 42. Qe5 Rxg3+ 0-1

[Event "Romania GP Final-KO 2024"]
[Site "Alba Iulia"]
[Date "2024.11.26"]
[Round "1.1"]
[White "Cnejev, Vladimir-Alexandru"]
[Black "Lupulescu, Constantin"]
[Result "1/2-1/2"]
[ECO "C02"]
[WhiteElo "2288"]
[BlackElo "2591"]
[Annotator "TA"]
[PlyCount "165"]
[EventDate "2024.11.22"]
[EventType "k.o."]
[EventCountry "ROU"]
[SourceTitle "playchess.com"]
[Source "ChessBase"]
[SourceQuality "1"]
[TimeControl "900+5"]

1. e4 e6 2. d4 d5 3. e5 c5 4. c3 Nc6 5. Nf3 Bd7 6. Be2 Nge7 7. Na3 Nf5 8. Nc2 cxd4 9. cxd4 Be7 10. O-O O-O 11. Bd3 f6 12. Bxf5 exf5 13. Re1 Be8 14. Qd3 Bh5 15. exf6 Bxf6 16. Ne5 Bxe5 17. dxe5 f4 18. e6 (18. Nd4 $11 Bg6 19. Qd1 Nxd4 20. Qxd4) 18... Bg6 $15 19. Qb3 Qe7 {[%emt 0:01:18] Prevents Nb4.} 20. Bd2 {[%emt 0:00:06] [#]} f3 $1 21. Nb4 (21. Bb4 Qg5) 21... Nd4 $1 22. Qxd5 (22. Nxd5 $17 Qc5 23. Be3 Nxb3 24. Bxc5 Nxc5 25. Re3) 22... Ne2+ $1 $19 23. Kh1 $2 (23. Kf1 Rad8 24. Bg5 Qxb4 $19 (24... fxg2+ 25. Qxg2 $11)) (23. Rxe2 fxe2 24. Qe5) 23... a5 $2 (23... Rad8 $19 {has better winning chances.} 24. Qxf3 Rxf3 (24... Rxd2 $2 25. Qe3 $19) 25. Rxe2 Bh5 (25... Rxd2 $2 26. Rxd2 Qxb4 27. Re2 $19)) 24. gxf3 (24. Bg5 $17 fxg2+ (24... Qxb4 25. e7+ Kh8 26. exf8=B $11) 25. Kxg2 Nf4+ (25... Qxb4 26. e7+ Bf7 27. Qd7 $17) 26. Bxf4 Rxf4 27. Nd3) 24... Nf4 $2 (24... Rf5 $1 $19 25. Rxe2 Rxd5 26. Nxd5 Qd6) 25. Bxf4 $16 Rxf4 26. Nd3 Rh4 27. Re3 Rd8 28. Qc5 Qf6 29. e7 Re8 30. Ne5 Qf4 31. Qd5+ (31. Qxa5 $2 Qxh2#) 31... Kh8 {[%emt 0:00:02][%csl Gh4][%cal Rf4h2] [#]} 32. Nxg6+ (32. Qxa5 $2 Qxh2#) (32. Ng4 $1 $18) 32... hxg6 33. Qe5 $1 {[%emt 0:00:04] Black must now prevent Qxf4.} (33. Qxb7 $2 Qxh2#) 33... Kg8 (33... Rxh2+ $16 34. Kg1 Rh4) 34. Qxf4 $18 (34. Qxa5 $2 Qxh2#) 34... Rxf4 {[%emt 0:00:01][%mdl 4096] Endgame. KRR-KRR} 35. Rd1 Kf7 36. Rd7 Rb4 37. b3 Rb5 38. Kg2 Rg5+ 39. Kf1 Rb5 40. Ke2 b6 41. Rb7 Rb4 42. Kd3 Kf6 (42... Rh4 {was called for.} 43. Rxb6 Rxh2) 43. Kc3 Rc8+ (43... Kf7 $142 44. Re4 Rc8+ 45. Kd3 Ke8) 44. Kb2 Re8 45. a3 Rb5 46. Re4 Kf7 47. a4 Rf5 48. f4 (48. Rxb6 Rxf3 49. h3 Rxf2+ 50. Ka3 Rf3) 48... g5 $2 (48... Rh5 {was worth a try.} 49. Ka3 (49. Rxb6 Rxh2 50. Kc3 Rxf2 $18) 49... Rxh2 50. Rxb6 Rxf2) 49. fxg5 (49. Rxb6 Rxe7 50. Rb5 (50. Rxe7+ Kxe7 51. fxg5 Rxg5 $18) 50... Rxf4 51. Rxf4+ gxf4 $16) 49... Rxf2+ (49... Rxg5 $142 50. Rxb6 Rf5) 50. Ka3 Rxh2 51. Rf4+ Kg6 (51... Kg8 $142 52. Rxb6 Re2 53. Rf8+ Rxf8) 52. Rf8 Rh8 53. Rxh8 Rxh8 54. Rxb6+ Kxg5 {[%emt 0:00:01] KR-KR} 55. Rb5+ (55. Re6 $142 Re8 56. b4) 55... Kf6 56. Rxa5 g5 57. Rd5 Re8 58. a5 Rxe7 59. b4 g4 60. a6 g3 61. Ka4 Rg7 62. Rd1 Ke5 63. b5 g2 64. Rg1 {[%emt 0:00:06] Threatening mate with b6.} Kd6 {[%emt 0:00:08] [#]} 65. Ka5 $2 ({Only move:} 65. b6 $1 $18 {White threatens a7 and mate.} Rg4+ 66. Kb5 Rg5+ 67. Kc4) 65... Kc7 $1 $11 {[%emt 0:00:10] The position is equal.} 66. Rc1+ Kb8 67. Rg1 Ka7 68. b6+ Kb8 69. Re1 Rg5+ 70. Kb4 Rg8 {[%emt 0:00:01] Dodges Re8+} 71. Rg1 Rg6 72. Kc5 Rg5+ 73. Kc4 Rg6 74. Kc5 Rg5+ 75. Kc4 Rg6 76. a7+ Kb7 77. Ra1 Rg8 (77... g1=R 78. a8=Q+ Kxb6 79. Qa7+ Kc6 80. Ra6#) 78. Kb5 $1 Rg5+ 79. Kc4 Rg4+ 80. Kd5 Rg5+ ({Inferior is} 80... g1=R 81. a8=Q+ Kxb6 82. Qc6#) 81. Kc4 {[%emt 0:00:07] The board is on fire.} (81. Ke6 $5 Rg8 $8 (81... g1=R 82. a8=Q+ Kxb6 83. Ra6+ Kc5 84. Qc6+ Kd4 85. Ra4+ Kd3 86. Qc4+ Ke3 87. Qb3+ Ke2 88. Ra2+ Kf1 89. Qd1#) 82. Rg1 $11) 81... Rg4+ 82. Kd3 Rg8 ({Not} 82... g1=R 83. a8=Q+ (83. a8=R R1g3+ 84. Ke2 Rg2+ 85. Kd3 R2g3+ 86. Ke2 Rg1 $11) 83... Kxb6 84. Ra6+ Kc7 85. Rc6+ Kd7 86. Qb7+ Ke8 87. Rc8#) 83. Rg1 {[%emt 0:00:08] What a bad dream for Black.   Weighted Error Value: White=0.39/Black=0.55.  Loses game:     	White=1     	---        Missed win:     	---       	Black=1      Mistake:       	White=4     	Black=5      Inaccurate:     	White=1     	Black=3      OK:         	White=23    	Black=24     Best:        	White=5     	Black=6      Strong:       	White=2     	Black=2} 1/2-1/2

[Event "Romania GP Final-KO 2024"]
[Site "Alba Iulia"]
[Date "2024.11.26"]
[Round "1.1"]
[White "Dragomirescu, Angela"]
[Black "Manolache, Marius"]
[Result "0-1"]
[ECO "A45"]
[WhiteElo "2060"]
[BlackElo "2407"]
[Annotator "RC"]
[PlyCount "50"]
[EventDate "2024.11.22"]
[EventType "k.o."]
[EventCountry "ROU"]
[SourceTitle "playchess.com"]
[Source "ChessBase"]
[SourceQuality "1"]
[TimeControl "900+5"]

1. d4 Nf6 2. Nc3 d6 3. Bf4 g6 4. e3 Bg7 5. h4 h6 6. Bc4 c6 7. Qf3 d5 8. Bd3 Be6 9. h5 g5 10. Be5 Nbd7 11. Qg3 Nxe5 12. dxe5 Ng4 13. f4 Nxe3 14. Qxe3 d4 15. Qg3 dxc3 16. bxc3 Qa5 17. Ne2 O-O-O 18. O-O gxf4 19. Nxf4 Bxe5 20. Rab1 Qc5+ 21. Qf2 Qxf2+ 22. Rxf2 Bg4 23. Rb3 Bc7 24. Ne2 Bb6 25. Nd4 e5 0-1

[Event "Romania GP Final-KO 2024"]
[Site "Alba Iulia"]
[Date "2024.11.26"]
[Round "1.1"]
[White "Obada, Ema"]
[Black "Stanciu, Alexandru-Ovidiu"]
[Result "0-1"]
[ECO "B30"]
[WhiteElo "2060"]
[BlackElo "2337"]
[Annotator "RC"]
[PlyCount "116"]
[EventDate "2024.11.22"]
[EventType "k.o."]
[EventCountry "ROU"]
[SourceTitle "playchess.com"]
[Source "ChessBase"]
[SourceQuality "1"]
[TimeControl "900+5"]

1. e4 c5 2. Nf3 Nc6 3. Bb5 Qc7 4. O-O Nf6 5. Re1 a6 6. Bf1 e6 7. c3 d5 8. e5 Ng4 9. d4 h5 10. h3 Nh6 11. a3 c4 12. g3 Nf5 13. h4 Bd7 14. Bh3 Na5 15. Nbd2 g6 16. Rb1 O-O-O 17. Ng5 Bc6 18. Qf3 Kb8 19. Bf1 Ka7 20. Be2 Ba4 21. Bd1 Bxd1 22. Qxd1 Rd7 23. Nf1 Qb6 24. Bf4 Qb3 25. Qe2 Bg7 26. Nd2 Qa4 27. Nf1 Rc8 28. Ne3 Nh6 29. Nh7 Ng8 30. Bg5 Rc6 31. Bf6 Nxf6 32. Nxf6 Bxf6 33. exf6 Rb6 34. g4 hxg4 35. Nxg4 Nc6 36. Nh2 Rd8 37. Nf3 Rh8 38. Kg2 Rh5 39. Ng5 Nd8 40. Rh1 Qd7 41. Rbd1 Qc7 42. Kf3 Nc6 43. Rd2 e5 44. dxe5 Nxe5+ 45. Kg2 Nd3 46. Qf3 Nf4+ 47. Kf1 Rxf6 48. Qe3+ Rb6 49. Rd4 Nd3 50. Rxd5 Qf4 51. Qxf4 Nxf4 52. Rd4 Nd3 53. Rxc4 Rxb2 54. Rh2 f6 55. Ne4 Re5 56. Kg2 f5 57. Nd6 Rxf2+ 58. Kg3 Re3# 0-1